AoeStats
← [KMNB] Bandeira

Lombardia

507719911Analyzed
2v2 RM · 14d ago on Sep 19, 2026· 20m 27s· 4 players
Game mode
Random Map
Map size
Medium (4 player)
Population
200
Speed
Normal
Resources
Standard
Victory
Conquest
Starting age
Dark Age
Ending age
Imperial Age
RankedLock teamsTeams togetherTeam positionsShared explorationLock speedFull tech treeHidden civsTurbo modeCheats
Victory
Defeat
🇧🇷 Ethiopians · Brazil
1622
+11
🇧🇷 Magyars · Brazil
1528
+15
🇹🇼 Tupi · Taiwan
1550
-15
🇹🇼 Tupi · Taiwan
1455
-11
[KMNB] Bandeira
5:21 Loom
9:56 Feudal Age
10:49 Double-Bit Axe
10:47 Horse Collar
12:46 Scale Barding Armor
22:06 Castle Age
Fs.Khronos
5:06 Loom
9:26 Feudal Age
9:54 Double-Bit Axe
12:01 Fletching
21:05 Castle Age
19:49 Gold Mining
El Хороший
7:02 Loom
9:54 Feudal Age
10:58 Double-Bit Axe
17:03 Castle Age
16:09 Fletching
Fox | NoMoney
6:42 Loom
9:55 Feudal Age
10:22 Champi Runner
15:04 Scale Mail Armor
17:15 Forging
Connection lost

Rejoining the realm…

Still unreachable

The connection could not be restored.

Session expired

The server has moved on; the page needs a fresh start.